 Dungeon Crawl Stone Soup version 0.28.0-53-g5a82cb258f (webtiles) character file.

Game seed: 10385725779408037928

22400 MilanorTSW the Grappler (level 12, -3/122 HPs)
             Began as a Troll Monk on June 15, 2022.
             Was a High Priest of Okawaru.
             Slain by a tyrant leech (6 damage)
             ... on level 3 of the Lair of Beasts.
             The game lasted 00:45:46 (11059 turns).

MilanorTSW the Grappler (Troll Monk)               Turns: 11059, Time: 00:45:47

Health: -3/122     AC: 19    Str: 26    XL:     12   Next: 62%
Magic:  18/24      EV: 12    Int:  6    God:    Okawaru [*****.]
Gold:   850        SH:  5    Dex: 12    Spells: 11/11 levels left

rFire   + + +      SeeInvis .     - Unarmed
rCold   . . .      Faith    .   (no shield)
rNeg    . . .      Spirit   .   A - +2 fire dragon scales of Analysis {rF++ rC- MP+9}
rPois   .          Reflect  +   z - +2 hat
rElec   +          Harm     .   s - scarf {rC+ rF+}
rCorr   .          Rampage  .   (gloves unavailable)
Will    +....                   (boots unavailable)
Stlth   ++........              k - amulet of reflection
HPRegen 1.10/turn               h - +4 ring of protection
MPRegen 0.19/turn               G - ring "Vikaqile" {rElec Will+ Stlth+}

@: heroic, finesse-ful
A: large, unfitting armour, claws 3, regeneration 1, shaggy fur 1, tough skin 1
a: Renounce Religion, Heroism, Finesse, Duel


You were on level 3 of the Lair of Beasts.
You worshipped Okawaru.
Okawaru was extremely pleased with you.
You visited 2 branches of the dungeon, and saw 13 of its levels.
You also visited: Sewer.

You collected 850 gold pieces.

Inventory:

Hand Weapons
 C - a +3 scimitar of flaming
Missiles
 p - 19 poisoned darts (quivered)
 q - 6 curare-tipped darts
 r - 5 javelins
 v - 10 atropa-tipped darts
 B - 6 throwing nets
Armour
 a - a +0 robe
 s - a scarf of resistance (worn)
 z - a +2 hat (worn)
 A - the +2 fire dragon scales of Analysis (worn) {rF++ rC- MP+9}
   (Okawaru gifted it to you on level 8 of the Dungeon)

   rF:        It greatly protects you from fire.
   rC:        It makes you vulnerable to cold.
   MP:        It affects your magic capacity (+9).
Jewellery
 e - a ring of wizardry
 f - a ring of flight
 h - a +4 ring of protection (left claw)
 k - an amulet of reflection (around neck)
 w - an amulet of faith
 x - a +6 ring of intelligence
 G - the ring "Vikaqile" (right claw) {rElec Will+ Stlth+}
   (You found it on level 10 of the Dungeon)

   [ring of willpower]

   rElec:     It insulates you from electricity.
   Will:      It increases your willpower.
   Stlth:     It makes you more stealthy.
 J - a +4 ring of protection
Wands
 i - a wand of flame (19)
 u - a wand of iceblast (16)
 D - a wand of polymorph (6)
Scrolls
 b - 2 scrolls of identify
 c - 3 scrolls of magic mapping
 l - 2 scrolls of fear
 t - 2 scrolls of blinking
 y - a scroll of enchant armour
 E - 2 scrolls of enchant weapon {unknown}
 F - a scroll of summoning {unknown}
 H - 3 scrolls of teleportation {unknown}
 I - a scroll of brand weapon
Potions
 d - a potion of mutation
 g - 2 potions of lignification
 j - a potion of brilliance
 m - a potion of heal wounds
 n - a potion of might
 o - 2 potions of invisibility
 K - 5 potions of ambrosia


   Skills:
 + Level 8.5(13.5) Fighting
 + Level 5.9(10.9) Throwing
 + Level 8.6(13.6) Dodging
 - Level 1.0(6.0) Stealth
 * Level 13.9(18.9) Unarmed Combat
 + Level 5.9 Invocations


You had 11 spell levels left.
You didn't know any spells.
Your spell library contained the following spells:

 Spells                   Type           Power      Damage    Failure   Level
 Apportation              Tloc           0%         N/A       78%         1
 Sandblast                Erth           0%         2d4       78%         1
 Passwall                 Tmut/Erth      0%         N/A       89%         2
 Dazzling Flash           Conj/Hex       0%         N/A       98%         3
 Ignite Poison            Fire/Tmut/Pois 0%         N/A       98%         3
 Inner Flame              Hex/Fire       0%         N/A       98%         3
 Mephitic Cloud           Conj/Pois/Air  0%         N/A       98%         3
 Stone Arrow              Conj/Erth      0%         3d7       98%         3
 Cause Fear               Hex            0%         N/A       100%        4
 Iskenderun's Mystic Bla  Conj/Tloc      0%         2d3       100%        4
 Fireball                 Conj/Fire      0%         3d3       100%        5
 Freezing Cloud           Conj/Ice/Air   0%         6-21      100%        5
 Iskenderun's Battlesphe  Conj           0%         2d6       100%        5
 Conjure Ball Lightning   Conj/Air       0%         3x3d6     100%        6
 Starburst                Conj/Fire      0%         6d3       100%        6
 Orb of Destruction       Conj           0%         9d5       100%        7
 Discord                  Hex            0%         N/A       100%        8
 Ignition                 Fire           0%         3d3       100%        8
 Polar Vortex             Ice            0%         N/A       100%        9
 Animate Skeleton         Necr           Unusable   N/A       N/A         1
 Summon Small Mammal      Summ           Unusable   N/A       N/A         1
 Simulacrum               Ice/Necr       Unusable   N/A       N/A         6

Dungeon Overview and Level Annotations

Branches:
Dungeon (10/15)            Temple (0/1) D:7            Lair (3/6) D:10
  Swamp (0/4) Lair:3        Sewer (visited)
  Snake: Lair:2-4    Spider: Lair:2-4       Orc: D:9-12

Altars:
Ashenzari
Fedhas
Makhleb
Okawaru
Ru
Trog
Uskayaw
Vehumet
Yredelemnul

Shops:
D:2 *   D:4 [   D:5 =

Annotations:
Lair:1 2 transporters


Innate Abilities, Weirdness & Mutations

You are too large for most types of armour.
You have claws for hands.
Your natural rate of healing is unusually fast.
You are covered in fur. (AC +1)
You have tough skin. (AC +1)


Message History

The tyrant leech draws strength from your injuries!
You mangle the swamp worm!!
The swamp worm is severely wounded.
The swamp worm bites you but does no damage.
You mangle the swamp worm!!
You kill the swamp worm!
Okawaru accepts your kill. The tyrant leech bites you!
* * * LOW HITPOINT WARNING * * *
The tyrant leech draws strength from your injuries!
You closely miss the tyrant leech. Your claw misses the tyrant leech.
You miss the tyrant leech.
The tyrant leech bites you but does no damage.
You mangle the tyrant leech!!
The tyrant leech is moderately wounded.
You can now deal lightning-fast blows.
The tyrant leech completely misses you. The tyrant leech misses you.
You block the tyrant leech's attack.
You closely miss the tyrant leech.
The tyrant leech is moderately wounded.
You miss the tyrant leech. You claw the tyrant leech.
The tyrant leech is heavily wounded.
The tyrant leech bites you!
* * * LOW HITPOINT WARNING * * *
The tyrant leech draws strength from your injuries!
The tyrant leech bites you but does no damage. x2
You closely miss the tyrant leech.
The tyrant leech is heavily wounded.
You scratch the tyrant leech but do no damage.
The tyrant leech is heavily wounded.
You claw the tyrant leech! You claw the tyrant leech.
The tyrant leech is heavily wounded.
You barely miss the tyrant leech.
The tyrant leech is heavily wounded.
The tyrant leech bites you but does no damage.
The tyrant leech bites you!!
* * * LOW HITPOINT WARNING * * *
The tyrant leech draws strength from your injuries!
The tyrant leech bites you.
You die...

...................P...#...#
...P.##+P###.....#.#..##..P#
..##. ..# ##...##........P#
. # ... ....##.....P...#
.... #...##....##..## .....
#...##.....#..#
.#.#.###...#...####..##
.#..###P...#...##.#....
......w@w.............#
.....♣♣w♣♣...........## ...
♣§§§♣♣..........# .
♣≈§§§§♣..........#
♣≈§§§♣♣..........#
♣♣≈§§§♣..........#
♣§§♣♣♣..........# ♣♣♣♣
.#P.P.####..


You could see 3 tyrant leeches.

Vanquished Creatures
  Harold (D:8)
  A hydra (Lair:1)
  A two-headed ogre (D:10)
  4 death yaks
  Urug (D:9)
  Joseph (D:10)
  2 cane toads (Lair:1)
  4 komodo dragons (Lair:1)
  An efreet (D:9)
  A queen bee (Lair:2)
  2 trolls
  Prince Ribbit (D:7)
  4 blink frogs
  4 slime creatures (D:9)
  A wraith (D:9)
  2 wyverns (D:9)
  31 yaks
  Menkaure (D:7)
  A swamp worm (Lair:3)
  10 water moccasins
  Duvessa (D:7)
  2 black bears
  3 orc warriors
  2 ogres
  A necrophage (D:7)
  6 wolves (Lair:1)
  9 centaurs
  9 kobold brigands
  4 bullfrogs
  2 gnoll sergeants
  2 wyvern zombies
  4 scorpions
  2 water moccasin zombies (D:5)
  Dowan (D:7)
  23 killer bees (Lair:2)
  12 wights
  6 centaur zombies
  2 bullfrog zombies
  5 hounds
  A centaur skeleton (D:7)
  A gnoll shaman (D:7)
  3 orc priests
  Jessica (D:3)
  Terence (D:2)
  3 iguanas
  10 orc wizards
  A killer bee zombie (D:7)
  A hound zombie (D:5)
  2 howler monkey zombies (D:7)
  Robin (D:2)
  A howler monkey skeleton (D:6)
  12 gnolls
  9 adders
  3 river rats
  A white imp (D:7)
  An adder skeleton (D:3)
  8 worms
  4 dart slugs
  49 orcs
  5 ball pythons
  5 endoplasms
  7 giant cockroaches
  16 goblins
  18 hobgoblins
  17 kobolds
  5 quokkas
  11 bats
  4 frilled lizards
  9 rats
  A plant (D:10)
381 creatures vanquished.

Vanquished Creatures (others)
  A kobold brigand (Sewer)
  20 fungi
  34 plants
55 creatures vanquished.

Grand Total: 436 creatures vanquished

Notes
Turn   | Place    | Note
-------+----------+-------------------------------------------
     0 | D:1      | MilanorTSW the Troll Monk began the quest for the Orb.
     0 | D:1      | Reached XP level 1. HP: 22/22 MP: 0/0
    54 | D:1      | Reached XP level 2. HP: 29/29 MP: 1/1
   257 | D:1      | Reached XP level 3. HP: 35/36 MP: 2/2
   295 | D:1      | Found a faded altar of an unknown god.
   765 | D:2      | Noticed Terence
   774 | D:2      | Killed Terence
   775 | D:2      | Reached skill level 4 in Unarmed Combat
   775 | D:2      | Reached XP level 4. HP: 40/44 MP: 3/3
  1010 | D:2      | Found Medai's General Store.
  1038 | D:2      | Noticed Robin
  1052 | D:2      | Killed Robin
  1280 | D:3      | Found an iron altar of Okawaru.
  1296 | D:3      | Became a worshipper of Warmaster Okawaru
  1296 | D:3      | Reached * piety under Okawaru
  1296 | D:3      | Reached ** piety under Okawaru
  1619 | D:3      | Noticed Jessica
  1629 | D:3      | Killed Jessica
  1630 | D:3      | Reached XP level 5. HP: 42/53 MP: 4/4
  2153 | D:4      | Found a broken altar of Ashenzari.
  2245 | D:4      | Reached skill level 5 in Unarmed Combat
  2308 | D:4      | Reached XP level 6. HP: 56/61 MP: 5/5
  2570 | D:4      | Found Ahean's Antique Armour Emporium.
  2911 | D:5      | Entered Level 5 of the Dungeon
  2911 | D:5      | Found Genwodgh's Jewellery Shop.
  2960 | D:5      | Reached *** piety under Okawaru
  2961 | D:5      | Reached skill level 6 in Unarmed Combat
  2961 | D:5      | Reached XP level 7. HP: 68/68 MP: 6/6
  3083 | D:5      | Found a glowing drain.
  3087 | Sewer    | Entered a sewer
  3517 | Sewer    | Reached skill level 7 in Unarmed Combat
  3644 | Sewer    | Reached XP level 8. HP: 75/79 MP: 7/7
  3667 | Sewer    | Reached **** piety under Okawaru
  3942 | D:5      | Reached skill level 5 in Fighting
  3942 | D:5      | Reached skill level 8 in Unarmed Combat
  3999 | D:5      | Received a gift from Okawaru
  4000 | D:5      | Reached skill level 5 in Dodging
  4945 | D:6      | Reached XP level 9. HP: 84/88 MP: 8/8
  5051 | D:6      | Reached skill level 9 in Unarmed Combat
  5669 | D:7      | Found a basalt altar of Yredelemnul.
  5685 | D:7      | Noticed Menkaure
  5694 | D:7      | Killed Menkaure
  5760 | D:7      | Found a staircase to the Ecumenical Temple.
  5767 | D:7      | Reached ***** piety under Okawaru
  5795 | D:7      | Reached skill level 10 in Unarmed Combat
  6050 | D:7      | Noticed Prince Ribbit
  6054 | D:7      | Killed Prince Ribbit
  6205 | D:7      | Noticed Duvessa
  6205 | D:7      | Noticed Dowan
  6212 | D:7      | Killed Dowan
  6219 | D:7      | Killed Duvessa
  6336 | D:8      | Reached XP level 10. HP: 65/94 MP: 9/9
  6440 | D:8      | Reached skill level 1 in Throwing
  6534 | D:8      | Found a burning altar of Makhleb.
  6538 | D:8      | Reached skill level 1 in Invocations
  6614 | D:8      | Found a hide-covered altar of Uskayaw.
  6809 | D:8      | Found a bloodstained altar of Trog.
  6850 | D:8      | Found a blossoming altar of Fedhas.
  6850 | D:8      | Found a sacrificial altar of Ru.
  6854 | D:8      | Found a radiant altar of Vehumet.
  6994 | D:8      | Noticed Harold
  7007 | D:8      | Killed Harold
  7007 | D:8      | Identified the +2 fire dragon scales of Analysis {rF++ rC-
                  | MP+9} (Okawaru gifted it to you on level 8 of the Dungeon)
  7007 | D:8      | Received a gift from Okawaru
  7008 | D:8      | Reached skill level 11 in Unarmed Combat
  7228 | D:9      | Identified the +8 battleaxe "Caid" {vorpal, rN+ Will+
                  | Int+3}
  7686 | D:9      | Reached XP level 11. HP: 101/109 MP: 12/12
  7826 | D:10     | Entered Level 10 of the Dungeon
  7834 | D:10     | Noticed Joseph
  7867 | D:10     | Killed Joseph
  7868 | D:10     | Reached skill level 12 in Unarmed Combat
  7950 | D:10     | Noticed Urug
  7974 | D:9      | Killed Urug
  8126 | D:10     | Identified the +5 robe of Enormous Mirth {Regen+} (Okawaru
                  | gifted it to you on level 10 of the Dungeon)
  8126 | D:10     | Received a gift from Okawaru
  8191 | D:10     | Identified the ring "Vikaqile" {rElec Will+ Stlth+}
  8275 | D:10     | Found a staircase to the Lair.
  8280 | D:10     | Noticed a two-headed ogre
  8288 | D:10     | Killed a two-headed ogre
  8722 | Lair:1   | Entered Level 1 of the Lair of Beasts
  8783 | Lair:1   | Reached skill level 13 in Unarmed Combat
  8828 | Lair:1   | Found a transporter.
  8829 | Lair:1   | Noticed a boulder beetle
  8830 | Lair:1   | Found a transporter.
  8830 | Lair:1   | Noticed a boulder beetle
  8859 | D:10     | Reached skill level 5 in Invocations
  8986 | Lair:1   | Reached XP level 12. HP: 109/119 MP: 14/14
  8990 | Lair:1   | Reached skill level 5 in Throwing
  9030 | Lair:1   | Received a gift from Okawaru
  9346 | Lair:1   | Noticed a five-headed hydra
  9354 | Lair:1   | Killed a one-headed hydra
  9941 | Lair:2   | Noticed a death yak
  9981 | Lair:2   | Killed a death yak
 10232 | Lair:2   | Noticed a death yak
 10232 | Lair:2   | Noticed a death yak
 10232 | Lair:2   | Noticed a death yak
 10293 | Lair:1   | Killed a death yak
 10324 | Lair:1   | Killed a death yak
 10328 | Lair:1   | Killed a death yak
 11037 | Lair:3   | Found a staircase to the Swamp.
 11059 | Lair:3   | HP: 3/122 [tyrant leech (25)]
 11059 | Lair:3   | Slain by a tyrant leech

Illustrated notes

Levels and vault maps discovered:
D:1:      wander_arrival_fairy_ring, layout_rooms,
          shapermc_ecumenical_altar_totnotflames, minmay_quantized
D:2:      layout_basic, serial_forest, infiniplex_forest_clump_small,
          infiniplex_forest_clump_tiny, infiniplex_forest_clump_medium,
          infiniplex_forest_straight_5, infiniplex_forest_lined_corner,
          infiniplex_forest_lined_ring, infiniplex_forest_zigzag_1,
          infiniplex_forest_lined_2, serial_shops, shop, uniq_robin,
          uniq_terence
D:3:      layout_loops_ring, lemuel_doored_altar, minmay_close_crescents,
          uniq_jessica
D:4:      layout_basic, evilmike_ruin_ashenzari, serial_shops, shop
D:5:      layout_basic, serial_shops, shop, gup_sewer_entry_bowl,
          patterned_corridor
D:6:      layout_gridville
D:7:      layout_loops_ring, nicolae_yredelemnul_corpse_copse,
          minmay_temple_entry_large_hall, chequers_serial_rivers_small_b,
          hangedman_abyss_or_decor_jellyfish_corner, kennysheep_generic_room_5,
          uniq_duvessa, uniq_menkaure, uniq_prince_ribbit1
D:8:      layout_cave_pools, minitemple, makhleb_blood_cavern_becter,
          mainiacjoe_overflow_six_doors_small, uniq_harold
D:9:      layout_rooms
D:10:     layout_cave_pools, due_lair_maze_entry_diamond, uniq_urug, uniq_joseph
Lair:1:   gammafunk_boulding_lane, layout_regular_city, grunt_megastairs_2
Lair:2:   layout_gridlike, special_room [special_room_bee],
          chequers_serial_rivers_room_b
Lair:3:   dragon1_lemuel, layout_regular_city, minmay_swamp_entry_worms,
          infiniplex_staircase_pool_2

Skill      XL: |  1  2  3  4  5  6  7  8  9 10 11 12 |
---------------+-------------------------------------+-----
Unarmed Combat | 4 5 6 7 8 10 11 13 | 13.9
Fighting       | 3 4 5 6 7 8 |  8.5
Dodging        | 3 4 5 6 7 8 |  8.6
Throwing       | 3 4 5 |  5.9
Invocations    | 3 5 |  5.9
Stealth        | |  1.0

Action                   |  1- 3 |  4- 6 |  7- 9 | 10-12 || total
-------------------------+-------+-------+-------+-------++-------
Melee: Unarmed           |    89 |   204 |   300 |   567 ||  1160
       Punch             |     1 |     7 |    20 |    55 ||    83
       Scimitar          |       |       |       |     4 ||     4
Throw: Dart              |       |       |    10 |    72 ||    82
Invok: Heroism           |       |     1 |     7 |    23 ||    31
       Finesse           |       |       |       |     4 ||     4
  Use: Scroll            |       |     1 |    12 |     4 ||    17
       Potion            |       |       |       |     3 ||     3
 Stab: Sleeping          |     2 |     4 |     3 |     1 ||    10
       Distracted        |       |     1 |       |       ||     1
Armor: Robe              |    25 |    90 |    63 |    10 ||   188
       Fire dragon scale |       |       |       |   203 ||   203
Dodge: Dodged            |    50 |    92 |   107 |   248 ||   497
Block: Other             |       |    26 |    51 |   132 ||   209
       Reflection        |       |       |     3 |    10 ||    13
